 Dungeon Crawl Stone Soup version 0.26-a0-651-gb41185065b (webtiles) character file.

Game seed: 9144840292726828984

51 Lanoc the Chiller (level 3, -3/24 HPs)
             Began as a Demonspawn Ice Elementalist on Oct 1, 2020.
             Was a Follower of Nemelex Xobeh.
             Slain by a hound (5 damage)
             ... on level 3 of the Dungeon.
             The game lasted 00:02:59 (2341 turns).

Lanoc the Chiller (Demonspawn Ice Elementalist)     Turns: 2341, Time: 00:02:59

Health: -3/24      AC:  2    Str:  8    XL:     3   Next: 57%
Magic:  10/15      EV: 13    Int: 17    God:    Nemelex Xobeh [*.....]
Gold:   94         SH:  0    Dex: 13    Spells: 2/6 levels left

rFire    . . .     SeeInvis .   (no weapon)
rCold    . . .     Faith    .   (no shield)
rNeg     . . .     Spirit   .   a - +0 robe
rPois    .         Reflect  .   (helmet restricted)
rElec    .         Harm     .   (no cloak)
rCorr    .         Rampage  .   (no gloves)
MR       .....                  (no boots)
Stlth    ++........             (no amulet)
HPRegen  0.08/turn              n - ring of wizardry
MPRegen  0.14/turn              i - ring of magical power

@: frozen ramparts
A: horns 2
a: Draw Escape, Draw Destruction, Draw Summoning, Renounce Religion


You were on level 3 of the Dungeon.
You worshipped Nemelex Xobeh.
Nemelex Xobeh was aware of your devotion.
You visited 1 branch of the dungeon, and saw 4 of its levels.

You collected 94 gold pieces.

Inventory:

Armour
 a - a +0 robe (worn)
Jewellery
 i - a ring of magical power (right hand)
 j - an uncursed ring of see invisible
 n - a ring of wizardry (left hand)
Scrolls
 b - a scroll of fear {unknown}
 c - a scroll of enchant weapon {unknown}
 e - 4 scrolls of identify {unknown}
 f - a scroll of blinking {unknown}
 g - 3 scrolls of remove curse {unknown}
 h - 2 scrolls of teleportation {unknown}
Potions
 d - 2 potions of curing {unknown}
 k - a potion of ambrosia {unknown}
 l - a potion of berserk rage {unknown}
 m - a potion of might {unknown}
 o - a potion of magic {unknown}


   Skills:
 + Level 2.4 Dodging
 - Level 1.7 Stealth
 - Level 2.0 Spellcasting
 * Level 4.3 Ice Magic
 * Level 1.5 Invocations


You had 2 spell levels left.
You knew the following spells:

 Your Spells              Type           Power        Failure   Level
a - Freeze                Ice            ###.         1%          1
b - Frozen Ramparts       Ice            ###...       4%          3

Your spell library contained the following spells:

 Spells                   Type           Power        Failure   Level
 Ozocubu's Armour         Ice            ###.....     4%          3
 Hailstorm                Conj/Ice       #.......     30%         4
 Summon Ice Beast         Ice/Summ       #.......     30%         4


Dungeon Overview and Level Annotations

Branches:
Dungeon (4/15)
 Temple: D:4-7

Altars:
Nemelex Xobeh
Ru
Uskayaw


Innate Abilities, Weirdness & Mutations

You have a pair of horns on your head.


Message History

The wall freezes the orc.
The orc hits you with a +0 hand axe.
* * * LOW HITPOINT WARNING * * *
The wall freezes the hound but do no damage.
The hound closely misses you.
The wall freezes the orc.
You kill the orc!
The orc priest hits you but does no damage.
The frozen ramparts melt away.
You climb upwards.
There is a stone staircase leading down here.
The orc closely misses you. The hound barely misses you. The hound misses you.
The hound barely misses you.
Casting: Frozen Ramparts (quite dangerous; 4% risk of failure)
Confirm with . or Enter, or press ? or * to list all spells.
The spell is quite dangerous to cast (4% risk of failure)!
Continue anyway?
The walls around you are covered in ice.
The wall freezes the orc.
You kill the orc!
The wall freezes the hound.
The hound bites you.
You die...
Your body disappears without a glow.

##...†..##...##.#
##......#.###)#.# ####.....#
#.#.# #####.###...# #
#......## #########.#.#..#
##..........#..# ######
##.##.###..##>.#### #...†.
....#.# #.....)h@.# #.####
##.##.#####.#####.##
######.#### ####...#
#.##.....####.......... #
#...# #.##.#......#.####.####
# #...# #.##.#........#
#.#### #...# #........##.###
#..... #...# ####.#....#.#
###### #...# #.#.#..#^#######
#
####...#######........#.....#
#


You could see a hound.

Vanquished Creatures
  An adder (D:3)
  A worm (D:3)
  2 dart slugs
  A leopard gecko (D:1)
  3 orcs
  6 bats
  3 giant cockroaches
  3 goblins
  3 hobgoblins (D:1)
  A quokka (D:2)
  2 frilled lizards (D:1)
  2 kobolds
  4 rats
32 creatures vanquished.

Notes
Turn   | Place    | Note
-------+----------+-------------------------------------------
     0 | D:1      | Lanoc the Demonspawn Ice Elementalist began the quest for
                  | the Orb.
     0 | D:1      | Reached XP level 1. HP: 13/13 MP: 3/3
   265 | D:1      | Gained mutation: You have a pair of small horns on your
                  | head. [demonic ancestry]
   265 | D:1      | Reached XP level 2. HP: 18/19 MP: 3/5
   342 | D:1      | Reached skill level 4 in Ice Magic
   950 | D:2      | Found a faded altar of an unknown god.
   958 | D:2      | Became a worshipper of Nemelex Xobeh the Trickster
   958 | D:2      | Reached * piety under Nemelex Xobeh
   958 | D:2      | Received a gift from Nemelex Xobeh
  1552 | D:3      | Gained mutation: You have a pair of horns on your head.
                  | [demonic ancestry]
  1552 | D:3      | Reached XP level 3. HP: 22/24 MP: 6/6
  1557 | D:3      | Learned a level 3 spell: Frozen Ramparts
  1630 | D:3      | Found a sacrificial altar of Ru.
  1914 | D:3      | Reached skill level 1 in Invocations
  2134 | D:3      | Found a hide-covered altar of Uskayaw.
  2331 | D:4      | Received a gift from Nemelex Xobeh
  2341 | D:3      | Slain by a hound

Illustrated notes

Levels and vault maps discovered:
D:1:      mrwooster_arrival_statue_3, layout_loops_cross
D:2:      layout_basic, chequers_ecumenical_altar_island, uniq_natasha
D:3:      layout_loops_cross, marbit_many_paths, hangedman_ru_absence
D:4:      layout_basic, lemuel_crystal_altar, minitemple, serial_shops,
          kennysheep_little_box

Skill      XL: |  1  2  3 |
---------------+----------+-----
Dodging        | 2 |  2.4
Ice Magic      | 4 |  4.3
Invocations    | 1 |  1.5
Stealth        | |  1.7
Spellcasting   | |  2.0

Action                   || total
-------------------------++-------
Melee: Unarmed           ||    22
       Headbutt          ||     2
 Cast: Freeze            ||    44
       Frozen Ramparts   ||     2
Armor: Robe              ||    14
Dodge: Dodged            ||    51

Table legend: (Time is in decaauts)
 A = Elapsed time spent in this place.
 B = Non-inter-level travel time spent in this place.
 C = Inter-level travel time spent in this place.
 D = Time resting spent in this place.
 E = Time spent auto-exploring this place.
 F = Levels seen in this place.
 G = Mean time per level.
                   A        B        C        D        E       F      G
               +--------+--------+--------+--------+--------+-----+--------+
         Total |   2344 |   2272 |     72 |      0 |   2039 |   4 |  586.0 |
       Dungeon |   2344 |   2272 |     72 |      0 |   2039 |   4 |  586.0 |
               +--------+--------+--------+--------+--------+-----+--------+

Top non-repeatable levels by time:
     D:3: 1001 daAuts
     D:2: 716 daAuts
     D:1: 621 daAuts
     D:4: 5 daAuts
